 Dungeon Crawl Stone Soup version 0.17-a0-1475-g9f81d98 (webtiles) character file.

4 ztt the Conjurer (level 1, 0/14 HPs)
             Began as a Centaur Wanderer on July 2, 2015.
             Slain by a jackal (2 damage)
             ... on level 1 of the Dungeon.
             The game lasted 00:00:27 (107 turns).

ztt the Conjurer (Centaur Wanderer)                  Turns: 107, Time: 00:00:27

Health: 0/14       AC:  4    Str: 14    XL:     1   Next: 50%
Magic:  2/4        EV:  9    Int: 13    God:
Gold:   8          SH:  0    Dex:  6    Spells: 1 memorised, 4 levels left

rFire  . . .     SeeInvis .     e - +0 club
rCold  . . .     Clarity  .     d - +0 robe
rNeg   . . .     SustAt   .     (no shield)
rPois  .         Gourm    .     (no helmet)
rElec  .         Spirit   .     (no cloak)
rCorr  .         Warding  .     (no gloves)
rMut   .         Stasis   .     (no barding)
MR     .....                    (no amulet)
Stlth  +.........               (no ring)
                                (no ring)

@: very quick, not resistant to hostile enchantments, very unstealthy
A: hooves 3, deformed body, speed 2, tough skin 3
a: no special abilities


You were on level 1 of the Dungeon.
You were not hungry.

You visited 1 branch of the dungeon, and saw 1 of its levels.

You collected 8 gold pieces.

Inventory:

Hand weapons
 e - a +0 club (weapon)
Armour
 d - a +0 robe (worn)
Scrolls
 g - a scroll of identify {unknown}
Potions
 h - a potion of brilliance {unknown}
Books
 a - a book of Minor Magic

   Spells                             Type                      Level
   a - Magic Dart                     Conjuration                  1
   b - Blink                          Translocation                2
   c - Call Imp                       Summoning                    2
   d - Repel Missiles                 Charms/Air                   2
   e - Slow                           Hexes                        2
   f - Conjure Flame                  Conjuration/Fire             3
   g - Mephitic Cloud                 Conjuration/Poison/Air       3
 b - the Guide on Feathers

   Spells                             Type                      Level
   a - Shock                          Conjuration/Air              1
   b - Repel Missiles                 Charms/Air                   2
 c - Erphyzxe's Catalogue of Bewitchment

   Spells                             Type                      Level
   a - Corona                         Hexes                        1
   b - Dazzling Spray                 Conjuration/Hexes            3
Comestibles
 f - a bread ration


   Skills:
 + Level 1.0 Stealth
 + Level 2.5 Spellcasting
 + Level 2.8 Conjurations
   Level 1.0 Summonings
   Level 1.0 Translocations
   Level 1.0 Evocations


You had 4 spell levels left.
You knew the following spells:

 Your Spells              Type           Power        Failure   Level  Hunger
a - Magic Dart            Conj           #...         10%         1    #......


Dungeon Overview and Level Annotations

Branches:
Dungeon (1/15)

Altars:


Innate Abilities, Weirdness & Mutations

You have hooves in place of feet.
Armour fits poorly on your strangely shaped body.
You cover ground very quickly.
You have extremely tough skin (AC +3).


Message History

The jackal is heavily wounded.
The jackal bites you.
* * * LOW HITPOINT WARNING * * *
The jackal bites you but does no damage.
You barely miss the jackal.
The jackal is heavily wounded.
The jackal barely misses you.
You hit the jackal but do no damage. Your kick misses the jackal.
The jackal is heavily wounded.
The jackal bites you but does no damage.
The jackal closely misses you.
Casting: Magic Dart
Confirm with . or Enter, or press ? or * to list all spells.
Aiming: Magic Dart
Press: ? - help, Shift-Dir - straight line, f/p - jackal
Aim: a jackal (heavily wounded)
The magic dart hits the jackal.
The jackal is heavily wounded.
The jackal bites you.
You die...

..## ..# ...# #.# ...# #†#
..## #.# ...# ##.###########
.### #........#...# ...#
#..#####...♣.♣
..#############.h#####.##♣.♣
.≈≈#............@(..##.# ♣.♣
≈≈##.##.#######...#.##.# ♣.♣
####.##.# #......##.##♣.♣ #
##.##.# ##...#......♣.♣ #
#..##.# #........).♣.♣
###.###.# ##.#####.##♣.♣
........# #.# #.# ♣.♣
###.##..# #+# #.# ........#
#.#


You could see a jackal.

Vanquished Creatures
  3 jackals (D:1)
3 creatures vanquished.

Notes
Turn   | Place    | Note
--------------------------------------------------------------
     0 | D:1      | ztt the Centaur Wanderer began the quest for the Orb.
     0 | D:1      | ztt set off with: a book of Minor Magic, the Guide on Feathers, Erphyzxe's Catalogue of Bewitchment, a +0 robe, a +0 club, a bread ration
     0 | D:1      | Reached XP level 1. HP: 14/14 MP: 3/3
    71 | D:1      | Identified the Guide on Feathers
    71 | D:1      | Identified Erphyzxe's Catalogue of Bewitchment
    73 | D:1      | Learned a level 1 spell: Magic Dart
   107 | D:1      | Slain by a jackal

Vault maps used:
D:1:      enne_arrival_octagon_isle, serial_forest, infiniplex_forest_zigzag_1,
          infiniplex_forest_clump_large, infiniplex_forest_straight_3,
          infiniplex_forest_clump_cross, infiniplex_forest_lined_corner,
          infiniplex_forest_lined_room_2, infiniplex_forest_corner_1,
          infiniplex_forest_zigzag_2, infiniplex_forest_lined_corner,
          infiniplex_forest_side_room, hangedman_decor_opposing

Action                   || total
-------------------------++-------
Melee: Club              ||    22
 Cast: Magic Dart        ||     3
